 Dungeon Crawl Stone Soup version 0.30-a0-154-gb106f4c828 (webtiles) character file.

Game seed: 13803665355817912554

1367 RepoMan the Poker (level 8, -19/65 HPs)
             Began as a Mummy Monk on Sept 27, 2022.
             Was a Follower of Fedhas.
             Killed from afar by Pikel (23 damage)
             ... with a bolt of light
             ... on level 4 of the Dungeon.
             The game lasted 00:37:46 (6404 turns).

RepoMan the Poker (Mummy Monk)                      Turns: 6404, Time: 00:37:47

Health: -19/65     AC:  5    Str: 17    XL:     8   Next: 38%
Magic:  3/8        EV: 12    Int: 15    God:    Fedhas [*.....]
Gold:   104        SH:  0    Dex: 14    Spells: 7/7 levels left

rFire   . . .      SeeInvis .    b - +0 scythe
rCold   + . .      Faith    +    (shield currently unavailable)
rNeg    + + +      Spirit   .    k - +0 leather armour {rF+}
rPois   ∞          Reflect  .    (no helmet)
rElec   .          Harm     .    p - +1 cloak {rCorr}
rCorr   +          Rampage  .    (no gloves)
Will    +....                    (no boots)
Stlth   ++........               (no amulet)
HPRegen 0.20/turn                i - ring of resist corrosion
MPRegen 0.11/turn                n - +6 ring of intelligence

@: no status effects
A: cold resistance 1, negative energy resistance 3, torment resistance 2, heat
vulnerability 1, in touch with death 1, no potions, faith
a: Renounce Religion


You were on level 4 of the Dungeon.
You worshipped Fedhas.
Fedhas was aware of your devotion.
You visited 2 branches of the dungeon, and saw 6 of its levels.
You also visited: Sewer.

You collected 291 gold pieces.
You spent 187 gold pieces at shops.

Inventory:

Hand Weapons
 a - a +0 spear
 b - a +0 scythe (weapon)
 e - a +1 mace of protection
 h - a +0 sling
 m - a +0 shortbow
Missiles
 d - 15 stones (quivered)
 g - 5 boomerangs
 l - 11 poisoned darts
Armour
 k - a +0 leather armour of fire resistance (worn)
 p - a +1 cloak of preservation (worn)
Jewellery
 i - a ring of resist corrosion (left hand)
 n - a +6 ring of intelligence (right hand)
Scrolls
 c - a scroll of blinking
 f - 2 scrolls of teleportation {unknown}
 j - 2 scrolls of noise
 o - a scroll of identify {unknown}
 r - a scroll of butterflies {unknown}


   Skills:
 + Level 6.6 Fighting
 * Level 7.5 Polearms
 - Level 2.4 Dodging
 - Level 1.5 Stealth


You had 7 spell levels left.
You didn't know any spells.
Your spell library was empty.

Dungeon Overview and Level Annotations

Branches:
Dungeon (5/15)             Temple (1/1) D:4           Sewer (visited)

Altars:
Ashenzari
Dithmenos
Fedhas
Makhleb
Sif Muna
Xom

Shops:
D:5 [

Annotations:
D:2 Terence
D:3 exclusion: downstairs
D:4 Blork the orc, Pikel


Innate Abilities, Weirdness & Mutations

You are immune to poison.
Your flesh is cold resistant. (rC+)
You are immune to negative energy. (rN+++)
You are immune to unholy pain and torment.
You are vulnerable to heat. (rF-)
You are in touch with the powers of death.
You do not drink.
You have a special connection with the divine. (Faith)


Message History

The lemure barely misses you.
Pikel zaps a wand.
The bolt of light hits your briar patch!
Your briar patch is destroyed!
Your briar patch disappears in a puff of smoke!
The bolt of light hits you!
You are confused.
* * * LOW HITPOINT WARNING * * *
The bolt of light hits your briar patch!
Your briar patch is blinded.
Unknown command.
Unknown command.
You're too confused to move!
Something hits your briar patch.
Your briar patch is destroyed!
Your briar patch disappears in a puff of smoke!
The lemure barely misses you.
Unknown command.
Unknown command.
You walk carefully through the plants.
Unknown command.
Unknown command.
You feel less confused.
Your briar patch disappears in a puff of smoke!
The lemure hits you but does no damage.
Unknown command.
Unknown command.
You walk carefully through the plants.
The lemure misses you.
Pikel zaps a wand.
The bolt of light misses you.
The bolt of light hits your briar patch!!
Your briar patch is destroyed!
Your briar patch disappears in a puff of smoke!
Unknown command.
Unknown command.
You walk carefully through the plants.
The lemure attacks as you move away! The lemure misses you.
Blork the orc is struck by your briar patch's thorns.
Blork the orc hits your briar patch with a +0 long sword!
Pikel says, "Hell isn't that bad."
Pikel zaps a wand.
The bolt of light hits you!!
You die...
Fedhas appreciates your contribution to the ecosystem.

.###...##.......#...
##.#.....#.......#..# #...#
#..o.........
#K..#####.....####..# .
#...#...#...#.####...
#.###.#.....#..#.......#
##...###...##..#.##.....
#.....#.###.####.##.>...
#..K#...#P@P#...###.#####..
#.. #####PK5#...#.....# #..
# #o.P#...#<[...# #..
#.....#.###.##.....# #..
##...###...###...#####..
#.### #...P.##...^....## .
#...#.PP#.#........#
#...#####.#........# #..
#........#


You could see Pikel, Blork the orc (fast, ally target) and a lemure.

Vanquished Creatures
  Grinder (D:3)
  2 ice beasts
  A centaur (D:5)
  A kobold brigand (D:5)
  3 lemures (D:4)
  A phantom (D:5)
  A scorpion (D:5)
  2 jellies
  4 hounds
  An orc wizard (D:4)
  4 gnolls (D:5)
  8 adders
  An ufetubus (D:5)
  A worm (D:3)
  4 dart slugs
  An orc (D:5)
  6 ball pythons
  9 endoplasms
  6 giant cockroaches
  8 goblins
  4 hobgoblins
  2 jackals (D:1)
  10 kobolds
  9 quokkas
  7 bats
  9 frilled lizards
  8 rats
114 creatures vanquished.

Vanquished Creatures (collateral kills)
  Sigmund (D:2)
  Eustachio (D:5)
  An adder (D:5)
  A hobgoblin (D:2)
4 creatures vanquished.

Grand Total: 118 creatures vanquished

Notes
Turn   | Place    | Note
-------+----------+-------------------------------------------
     0 | D:1      | RepoMan the Mummy Monk began the quest for the Orb.
     0 | D:1      | Reached XP level 1. HP: 18/18 MP: 1/1
   373 | D:1      | Reached XP level 2. HP: 16/24 MP: 2/2
   600 | D:1      | Found a faded altar of an unknown god.
   659 | D:1      | Reached skill level 3 in Polearms
  1096 | D:1      | Gained mutation: You are in touch with the powers of death.
                  | [Mummy growth]
  1096 | D:1      | Reached XP level 3. HP: 29/29 MP: 3/3
  1892 | D:2      | Noticed Terence
  2657 | D:3      | Noticed Grinder
  2670 | D:3      | Killed Grinder
  2671 | D:3      | Reached skill level 4 in Polearms
  2671 | D:3      | Reached XP level 4. HP: 27/38 MP: 4/4
  2671 | D:3      | Reached XP level 5. HP: 31/43 MP: 5/5
  2716 | D:3      | Found a glowing drain.
  2788 | Sewer    | Entered a sewer
  2843 | Sewer    | Noticed Pargi
  3450 | D:3      | Reached XP level 6. HP: 46/49 MP: 6/6
  3692 | D:2      | Noticed Sigmund
  3704 | D:2      | Killed Sigmund
  3705 | D:2      | Reached skill level 5 in Fighting
  3705 | D:2      | Reached skill level 5 in Polearms
  4312 | D:4      | Noticed Blork the orc
  4312 | D:4      | Noticed an ice beast
  4459 | D:5      | Entered Level 5 of the Dungeon
  4473 | D:5      | Reached XP level 7. HP: 44/56 MP: 7/7
  4872 | D:5      | Found a shimmering altar of Xom.
  4924 | D:5      | Reached skill level 6 in Polearms
  5063 | D:5      | Found Cocsunom's Antique Armour Boutique.
  5080 | D:5      | Bought a runed cloak for 187 gold pieces
  5199 | D:5      | Noticed Eustachio
  5255 | D:5      | Killed Eustachio
  5256 | D:5      | Reached XP level 8. HP: 29/64 MP: 8/8
  5521 | D:5      | Reached skill level 7 in Polearms
  6114 | D:4      | Found a staircase to the Ecumenical Temple.
  6122 | Temple   | Entered the Ecumenical Temple
  6127 | Temple   | Became a worshipper of Fedhas Madash
  6127 | Temple   | Reached * piety under Fedhas
  6127 | Temple   | Reached ** piety under Fedhas
  6308 | D:4      | Noticed Pikel
  6399 | D:4      | HP: 2/65 [Pikel/bolt of light (16)]
  6404 | D:4      | Killed from afar by Pikel

Illustrated notes

Levels and vault maps discovered:
D:1:      grunt_arrival_lava_bath, layout_loops_corners,
          ebering_ecumenical_altar_box, minmay_box_of_dots
D:2:      minmay_evil_eye, layout_basic, minmay_pentomino_p2, uniq_sigmund,
          uniq_terence
D:3:      layout_basic, gup_sewer_entry_pipe, minmay_misc_feat_diagonals,
          minmay_bisected, uniq_grinder
D:4:      nicolae_cairo_tiling, layout_basic,
          minmay_temple_entry_statues_pillars, uniq_edmund, uniq_pikel,
          uniq_blork_the_orc
D:5:      layout_basic, xom_confusion_cloud, serial_shops,
          nicolae_shop_advertising_works [nicolae_subvault_shop_adworks],
          amcnicky_mini_rare_corridor_liquid, hex_large, uniq_eustachio
Temple:   nicolae_temple_bog_church

Skill      XL: |  1  2  3  4  5  6  7  8 |
---------------+-------------------------+-----
Polearms       | 3 4 5 6 7 |  7.5
Fighting       | 4 5 6 |  6.6
Dodging        | |  2.4
Stealth        | |  1.5

Action                   |  1- 3 |  4- 6 |  7- 9 || total
-------------------------+-------+-------+-------++-------
Melee: Spear             |   202 |    97 |    37 ||   336
       Punch             |     1 |     2 |     1 ||     4
       Halberd           |     7 |    40 |   166 ||   213
 Fire: Sling             |    23 |       |       ||    23
Throw: Stone             |    11 |     1 |    16 ||    28
       Dart              |       |       |     3 ||     3
Invok: Wall of Briars    |       |       |     2 ||     2
  Use: Scroll            |     3 |     4 |     3 ||    10
 Stab: Sleeping          |     9 |     2 |       ||    11
Armor: Robe              |    37 |     4 |       ||    41
       Leather armour    |       |    12 |    62 ||    74
Dodge: Dodged            |   112 |    41 |   141 ||   294

Table legend: (Time is in decaauts)
 A = Elapsed time spent in this place.
 B = Non-inter-level travel time spent in this place.
 C = Inter-level travel time spent in this place.
 D = Time resting spent in this place.
 E = Time spent auto-exploring this place.
 F = Levels seen in this place.
 G = Mean time per level.
                   A        B        C        D        E       F      G
               +--------+--------+--------+--------+--------+-----+--------+
         Total |   6459 |   6294 |    165 |   2327 |   1118 |   7 |  922.7 |
       Dungeon |   6342 |   6177 |    165 |   2327 |   1118 |   5 | 1268.4 |
        Temple |     10 |     10 |      0 |      0 |      0 |   1 |   10.0 |
         Sewer |    106 |    106 |      0 |      0 |      0 |   1 |  106.0 |
               +--------+--------+--------+--------+--------+-----+--------+

Top non-repeatable levels by time:
     D:1: 1552 daAuts
     D:3: 1459 daAuts
     D:5: 1417 daAuts
     D:2: 1240 daAuts
     D:4: 672 daAuts
   Sewer: 106 daAuts
  Temple: 10 daAuts
